 Dungeon Crawl Stone Soup version 0.28-a0-1213-g0243856f03 (webtiles) character file.

Game seed: 5590402929996708995

86 mcbry74 the Chopper (level 4, -1/37 HPs)
             Began as a Hill Orc Gladiator on Dec 21, 2021.
             Killed from afar by a white imp (4 damage)
             ... with a puff of frost
             ... summoned by Natasha
             ... on level 2 of the Dungeon.
             The game lasted 00:04:48 (1608 turns).

mcbry74 the Chopper (Hill Orc Gladiator)            Turns: 1608, Time: 00:04:49

Health: -1/37      AC:  4    Str: 18    XL:     4   Next: 50%
Magic:  0/4        EV: 12    Int:  8    God:
Gold:   34         SH:  0    Dex: 12    Spells: 3/3 levels left

rFire   . . .      SeeInvis .   a - +0 war axe
rCold   . . .      Faith    .   (no shield)
rNeg    . . .      Spirit   +   b - +0 leather armour
rPois   .          Reflect  .   c - +0 helmet
rElec   .          Harm     .   (no cloak)
rCorr   .          Rampage  .   (no gloves)
Will    .....                   (no boots)
Stlth   +.........              h - amulet of guardian spirit
HPRegen 0.12/turn               (no ring)
MPRegen 0.09/turn               (no ring)

@: no status effects
A: no striking features
a: no special abilities


You were on level 2 of the Dungeon.
You visited 1 branch of the dungeon, and saw 2 of its levels.

You collected 34 gold pieces.

Inventory:

Hand Weapons
 a - a +0 war axe (weapon)
Missiles
 d - 5 throwing nets
 e - 11 stones
 i - 12 bolts
 j - 3 boomerangs (quivered)
Armour
 b - a +0 leather armour (worn)
 c - a +0 helmet (worn)
 f - a +0 cloak
Jewellery
 h - an amulet of guardian spirit (around neck)
Scrolls
 g - 2 scrolls of identify {unknown}


   Skills:
 - Level 2.4 Fighting
 + Level 6.8 Axes
 - Level 1.7 Throwing
 - Level 2.4 Dodging


You had 3 spell levels left.
You didn't know any spells.
Your spell library contained the following spells:

 Spells                   Type           Power      Damage    Failure   Level
 Magic Dart               Conj           0%         1d3       45%         1
 Summon Small Mammal      Summ           0%         N/A       45%         1
 Call Imp                 Summ           0%         N/A       61%         2
 Call Canine Familiar     Summ           0%         N/A       83%         3
 Mephitic Cloud           Conj/Pois/Air  0%         N/A       83%         3
 Summon Guardian Golem    Hex/Summ       0%         N/A       83%         3


Dungeon Overview and Level Annotations

Branches:
Dungeon (2/15)

Altars:

Annotations:
D:2 Natasha


Message History

The crimson imp barely misses you. Natasha closely misses you.
You hit Natasha.
Natasha is moderately wounded.
You closely miss the crimson imp.
The crimson imp hits you but does no damage.
Natasha barely misses you.
You barely miss Natasha.
Natasha is moderately wounded.
You hit the crimson imp.
The crimson imp hits you but does no damage.
Natasha barely misses you.
You barely miss Natasha.
Natasha is moderately wounded.
You closely miss the white imp. You miss the crimson imp.
The white imp hits you. The white imp freezes you.
The crimson imp barely misses you. Natasha misses you.
You miss Natasha.
Natasha is moderately wounded.
You barely miss the white imp. You barely miss the crimson imp.
The white imp gestures at you. The puff of frost hits you!
The crimson imp hits you but does no damage.
Natasha claws you.
You barely miss Natasha.
Natasha is moderately wounded.
You barely miss the crimson imp. You closely miss the white imp.
The white imp gestures at you. The puff of frost hits you!
The crimson imp blinks!
Natasha completely misses you.
You miss Natasha.
Natasha is moderately wounded.
You barely miss the white imp. The white imp gestures at you.
The puff of frost hits you!
* * * LOW HITPOINT WARNING * * *
Natasha completely misses you.
The crimson imp disappears for a moment.
The white imp gestures at you. The puff of frost hits you.
You die...

###....h........##.#
.......###.#....##.##### ###.##.#
#.#...........# #.##.#
#.#....##.###.#
###.##5###.#....##.###.#########.
...........#.....................
......h..........................
###5#..###.#...h##.###.#####..##.
.5............5@................
................5....<........# .
.......###.#...#.#.###.##.#...#..
...(.....#.#.......###.##........
##...................#.#..†......
......#......##.............####
..... .................. #.#.
##...#.#.#.##...###
...............#


You could see Natasha, a crimson imp (summoned) and a white imp (summoned).

Vanquished Creatures
  Natasha (D:2)
  An adder (D:2)
  4 dart slugs (D:1)
  4 bats
  7 endoplasms
  2 giant cockroaches
  2 goblins
  7 hobgoblins
  3 ball pythons (D:1)
  2 frilled lizards
  6 kobolds (D:1)
  3 rats
42 creatures vanquished.

Notes
Turn   | Place    | Note
-------+----------+-------------------------------------------
     0 | D:1      | mcbry74 the Hill Orc Gladiator began the quest for the Orb.
     0 | D:1      | Reached XP level 1. HP: 18/18 MP: 1/1
    40 | D:1      | Reached XP level 2. HP: 20/25 MP: 2/2
   219 | D:1      | Reached skill level 5 in Axes
   435 | D:1      | Reached XP level 3. HP: 30/30 MP: 3/3
  1000 | D:2      | Reached skill level 6 in Axes
  1130 | D:2      | Reached XP level 4. HP: 14/37 MP: 4/4
  1360 | D:2      | Noticed Natasha
  1375 | D:2      | Killed Natasha
  1527 | D:2      | Noticed Natasha
  1608 | D:2      | Killed from afar by a white imp

Illustrated notes

Levels and vault maps discovered:
D:1:      scummos_arrival_forest, layout_basic, minmay_stone_trees_small
D:2:      layout_basic, basic_altar, uniq_natasha

Skill      XL: |  1  2  3 |
---------------+----------+-----
Axes           | 5 6 |  6.8
Fighting       | |  2.4
Throwing       | |  1.7
Dodging        | |  2.4

Action                   |  1- 3 |  4- 6 || total
-------------------------+-------+-------++-------
Melee: War axe           |    84 |    20 ||   104
Throw: Boomerang         |       |     1 ||     1
  Use: Potion            |     1 |       ||     1
Armor: Leather armour    |    27 |     3 ||    30
Dodge: Dodged            |    57 |    12 ||    69

Table legend: (Time is in decaauts)
 A = Elapsed time spent in this place.
 B = Non-inter-level travel time spent in this place.
 C = Inter-level travel time spent in this place.
 D = Time resting spent in this place.
 E = Time spent auto-exploring this place.
 F = Levels seen in this place.
 G = Mean time per level.
                   A        B        C        D        E       F      G
               +--------+--------+--------+--------+--------+-----+--------+
         Total |   1638 |   1614 |     24 |    743 |    530 |   2 |  819.0 |
       Dungeon |   1638 |   1614 |     24 |    743 |    530 |   2 |  819.0 |
               +--------+--------+--------+--------+--------+-----+--------+

Top non-repeatable levels by time:
     D:1: 1031 daAuts
     D:2: 607 daAuts
